← All builds
Suicide front / Armada / Factory first / OBSERVED BUILD

Standard suicide front

Armada Suicide front build order · Supreme Isthmus

The role's standard play: bot lab first, Rocketeer/Centurion/Pawn based force pushes into the middle to contest and hold it until T2 arrives.

Usually lab first (63%)

#rush #push · 1309 distinct matches · 127 players · 71% of Armada Suicide front games · team won 59% of 1550 · Recently observed

HOW TO PLAY IT

Key timing: Bot Lab by 0:20

  1. Open with mex and wind, drop Bot Lab immediately.
  2. Push out first "Centurion" as Pond's boost lands.
  3. Send "Rocketeer", "Centurion", "Pawn" mix to contest middle.
  4. Add Dragon's Teeth and Sentries to hold the line.
  5. Get Advanced Metal Extractor up as T2 nears.

Phase by phase

TYPICAL OF ITS 1309 GAMES
  1. 1
  2. 2
  3. 3
PLAY THE OPENING

Follow the example game's first 6:00 step by step: what to build now, what comes next, and where it goes. At 1× it keeps pace with your own game.

  1. 1

    Bot Lab first

    Order
    1. Bot LabBot Lab done ~0:20, middle half 0:20–0:33

    Some games also: mex (37%)

  2. 2

    Bot Lab to 5:00

    Economy
    • Metal Extractor5Mex
    • Wind Turbine4Wind
    Builders
    • Construction Bot3 Con bot
    • Lazarus2 Lazarus
    Army
    • Sentry4 Sentry
    • Rocketeer17 Rocketeer
    • Tick2 Tick
    • Centurion1 Centurion
    Other
    • Radar Tower1 Radar Tower

    Some games also: con turret (35%) · pawn (33%)

    By 5:00 in all: 5 mex · 4 wind

    The example game in this phase · 37 steps
    1. Wind
    2. Construction BotCon bot
    3. Wind ×2
    4. SentrySentry
    5. Construction BotCon bot
    6. Mex
    7. Wind
    8. Construction BotCon bot
    9. Mex ×2
    10. RocketeerRocketeer
    11. SentrySentry
    12. RocketeerRocketeer
    13. TickTick
    14. RocketeerRocketeer
    15. Mex
    16. RocketeerRocketeer
    17. SentrySentry
    18. LazarusLazarus
    19. SentrySentry
    20. RocketeerRocketeer ×2
    21. SentrySentry ×2
    22. TickTick
    23. RocketeerRocketeer
    24. SentrySentry
    25. RocketeerRocketeer
    26. LazarusLazarus
    27. RocketeerRocketeer ×2
    28. TickTick
    29. SentrySentry
    30. RocketeerRocketeer
    31. SentrySentry
    32. RocketeerRocketeer
    33. LazarusLazarus
    34. RocketeerRocketeer ×2
    35. SentrySentry
    36. TickTick
    37. RocketeerRocketeer ×2
  3. 3

    5:00 to 10:00

    Economy
    • Metal Extractor1Mex
    • Wind Turbine17Wind
    Builders
    • Construction Turret2 Con turret
    • Lazarus2 Lazarus
    • Construction Bot1 Con bot
    Army
    • Sentry1 Sentry
    • Rocketeer8 Rocketeer
    • Pawn1 Pawn

    Some games also: tick (47%) · Radar Tower (46%) · energy storage (46%) · centurion (45%) · Beamer (39%)

    By 10:00 in all: 6 mex · 23 wind · 1 energy storage · 3 con turret

    The example game in this phase · 104 steps
    1. LazarusLazarus
    2. RocketeerRocketeer ×2
    3. TickTick
    4. RocketeerRocketeer ×2
    5. LazarusLazarus
    6. RocketeerRocketeer ×2
    7. TickTick
    8. RocketeerRocketeer
    9. Radar TowerRadar Tower
    10. RocketeerRocketeer
    11. Mex
    12. LazarusLazarus
    13. RocketeerRocketeer ×2
    14. TickTick
    15. RocketeerRocketeer
    16. SentrySentry
    17. RocketeerRocketeer
    18. LazarusLazarus ×3
    19. Radar TowerRadar Tower
    20. RocketeerRocketeer
    21. SentrySentry
    22. RocketeerRocketeer
    23. TickTick ×4
    24. Mex
    25. TickTick ×15
    26. Con turret
    27. PawnPawn ×2
    28. Con turret
    29. PawnPawn ×2
    30. Con turret
    31. Wind
    32. Solar
    33. PawnPawn
    34. Solar
    35. Wind
    36. Solar
    37. LazarusLazarus
    38. Wind
    39. PawnPawn ×3
    40. Wind
    41. PawnPawn ×2
    42. Mex
    43. LazarusLazarus
    44. Wind
    45. PawnPawn ×4
    46. Wind
    47. PawnPawn
    48. LazarusLazarus
    49. Mex
    50. PawnPawn
    51. Wind
    52. PawnPawn
    53. Mex
    54. PawnPawn
    55. Energy storage
    56. PawnPawn
    57. Advanced Metal ExtractorT2 mexdone 12:59 · typical 9:36
    58. PawnPawn
    59. LazarusLazarus
    60. Wind
    61. SentrySentry
    62. PawnPawn
    63. Wind
    64. PawnPawn
    65. SentrySentry
    66. Advanced Metal ExtractorT2 mex
    67. PawnPawn
    68. Wind
    69. PawnPawn
    70. Sneaky PeteSneaky Pete
    71. Wind
    72. Mex
    73. Construction BotCon bot
    74. Wind
    75. Advanced Metal ExtractorT2 mex
    76. PawnPawn
    77. SentrySentry
    78. Wind
    79. LazarusLazarus
    80. Wind
    81. Radar TowerRadar Tower
    82. PawnPawn
    83. SentrySentry
    84. PawnPawn
    85. Con turret
    86. Wind
    87. PawnPawn
    88. Con turret
    89. Advanced Metal ExtractorT2 mex
    90. PawnPawn
    91. Wind
    92. PawnPawn
    93. LazarusLazarus
    94. Wind
    95. PawnPawn ×4
    96. Con turret
    97. Wind
    98. PawnPawn
    99. LazarusLazarus
    100. Wind
    101. PawnPawn ×5
    102. LazarusLazarus
    103. Wind
    104. PawnPawn ×2

Counts are medians over the build's games: half of them build more, half fewer. The example game is [Cookie]swiftplant's (45 OS, 22/08/2026); pick another.

Team trades

IN AT LEAST 30% OF ITS GAMES

You hand over

Nothing regular.

You get

  • Tidal Generator4 Tidal from Pondfirst at 0:10 · in 69% of games
  • Advanced Construction Bot1 T2 con bot from Geo or Techfirst at 7:30 · in 59% of games

How it plays out

Typical game of this build, running totals by minute

Metal produced

010k20k30k
0:005:0010:0015:00

metal

Enemy metal destroyed

05k10k
0:005:0010:0015:00

metal

Own metal lost

05k10k
0:005:0010:0015:00

metal

1550 games.

Show as table
ByMetal produced: This buildEnemy metal destroyed: This buildOwn metal lost: This build
1:0022600
2:0088900
3:002051180106
4:003161660496
5:00424314171026
6:00543423001787
7:00667231752706
8:00792440303613
9:00931647974495
10:001069854325318
11:001225359116059
12:001410665186829
13:001622670297536
14:001809577098373
15:002043283489240
WHAT THE NUMBERS SAY

Standard suicide front play wins slightly more than half its games with fast kills but also fast losses, matching the raw grind of the role.

  • + First kill lands by 2:04 in all games
  • + Metal produced reaches 19882 by 15:00
  • − Own metal lost hits 9208 by 15:00, near metal destroyed of 8172
  • − First unit lost as early as 2:08 in every game
THE EXAMPLE YOU ARE READING

[Cookie]swiftplant

44.5 OS · 22/08/2026

Open source match ↗

19 received units · includes a constructor
758 metal received · 23564 energy received

Allied construction assistance is unknown. Timings are observations, not a promise of solo reproducibility.

Typical milestones

Bot Lab0:20Middle 50%: 0:20–0:33 · n=1543
Advanced Metal Extractor9:36Middle 50%: 8:42–10:48 · n=1143

Played most by

_X_253games of this buildPlatinumBlonde181games of this buildXad127games of this buildImmort74games of this buildwatermeloans60games of this build